 Dungeon Crawl Stone Soup version 0.30-a0-122-g2a1322497e (webtiles) character file.

Game seed: 7250609576532583152

412 ragingrage the Poker (level 6, -4/47 HPs)
             Began as a Demonspawn Fighter on Sept 15, 2022.
             Slain by a gnoll
             ... wielding a +0 halberd
              (9 damage)
             ... on level 4 of the Dungeon.
             The game lasted 00:03:43 (4395 turns).

ragingrage the Poker (Demonspawn Fighter)           Turns: 4395, Time: 00:03:43

Health: -4/47      AC:  5    Str: 18    XL:     6   Next: 59%
Magic:  6/6        EV: 10    Int:  9    God:
Gold:   125        SH:  4    Dex: 13    Spells: 5/5 levels left

rFire   . . .      SeeInvis .    a - +0 trident
rCold   + . .      Faith    .    c - +0 buckler
rNeg    . . .      Spirit   .    k - +0 ring mail {rC+}
rPois   .          Reflect  .    (no helmet)
rElec   .          Harm     .    (no cloak)
rCorr   .          Rampage  .    (no gloves)
Will    .....                    (no boots)
Stlth   +.........               (no amulet)
HPRegen 0.15/turn                (no ring)
MPRegen 0.10/turn                (no ring)

@: no status effects
A: demonic guardian 1, powered by pain 1
a: no special abilities


You were on level 4 of the Dungeon.
You visited 1 branch of the dungeon, and saw 7 of its levels.

You collected 125 gold pieces.

Inventory:

Hand Weapons
 a - a +0 trident (weapon)
Missiles
 r - 16 poisoned darts (quivered)
Armour
 c - a +0 buckler (worn)
 k - a +0 ring mail of cold resistance (worn)
 m - a +0 tower shield
Jewellery
 p - a ring of fire
 x - an amulet of the acrobat
Wands
 h - a wand of light (5)
Scrolls
 b - a scroll of fear
 e - a scroll of amnesia {unknown}
 f - a scroll of noise {unknown}
 i - a scroll of enchant armour {unknown}
 l - 3 scrolls of teleportation {unknown}
 q - a scroll of enchant weapon {unknown}
 w - a scroll of torment {unknown}
 y - a scroll of identify {unknown}
Potions
 d - a potion of might
 g - a potion of resistance {unknown}
 j - a potion of haste {unknown}
 n - a potion of berserk rage {unknown}
 o - a potion of attraction {unknown}
 s - 2 potions of heal wounds
 t - 3 potions of degeneration {unknown}
 u - 2 potions of magic {unknown}
 v - a potion of brilliance {unknown}


   Skills:
 - Level 3.0 Fighting
 + Level 6.5 Polearms
 - Level 2.6 Armour
 - Level 2.6 Shields


You had 5 spell levels left.
You didn't know any spells.
Your spell library contained the following spells:

 Spells                   Type           Power      Damage    Failure   Level
 Static Discharge         Conj/Air       0%         3-3/arc   82%         2
 Arcjolt                  Conj/Air       0%         1d10      100%        5
 Lightning Bolt           Conj/Air       0%         1d11      100%        5
 Maxwell's Capacitive Co  Air            0%         ∞         100%        8


Dungeon Overview and Level Annotations

Branches:
Dungeon (7/15)
 Temple: D:4-7

Altars:


Innate Abilities, Weirdness & Mutations

A weak demonic guardian rushes to your aid.
You sometimes gain a little power by taking damage.


Message History

Aim: a hound (almost dead, about 50% to evade your +0 trident)
You closely miss the hound.
The hound is almost dead.
The hound bites you but does no damage. The hound barely misses you.
The gnoll closely misses you.
Reach: a) +0 trident
Press: ? - help, Dir - move target, f/p - hound
Aim: a hound (almost dead, about 50% to evade your +0 trident)
You hit the hound.
You kill the hound!
Reach: a) +0 trident
Press: ? - help, Dir - move target, f - gnoll
Aim: a gnoll, wielding a +0 halberd (almost dead, blind, about 36% to evade your +0 trident)
You barely miss the gnoll.
The gnoll is almost dead.
The gnoll hits you with a +0 halberd!
Reach: a) +0 trident
Press: ? - help, Dir - move target, f/p - gnoll
Aim: a gnoll, wielding a +0 halberd (almost dead, blind, about 36% to evade your +0 trident)
You puncture the gnoll!
You kill the gnoll!
The gnoll hits you from afar with a +0 halberd.
Reach: a) +0 trident
Press: ? - help, Dir - move target, f - gnoll
Aim: a gnoll, wielding a +0 halberd (about 36% to evade your +0 trident)
You reach to attack!
You barely miss the gnoll.
The gnoll hits you from afar with a +0 halberd.
Reach: a) +0 trident
Press: ? - help, Dir - move target, f/p - gnoll
Aim: a gnoll, wielding a +0 halberd (about 36% to evade your +0 trident)
You reach to attack!
You closely miss the gnoll.
The gnoll hits you from afar with a +0 halberd!
* * * LOW HITPOINT WARNING * * *
A demonic guardian appears!
Reach: a) +0 trident
Press: ? - help, Dir - move target, f/p - gnoll
Aim: a gnoll, wielding a +0 halberd (ally target, about 36% to evade your +0 trident)
You reach to attack!
You barely miss the gnoll.
The gnoll hits you from afar with a +0 halberd!
You die...

.#####.......#.#.♣.♣##.##.♣♣..♣♣P
.#.............#.#.............PP
.#.###.#.......#.♣.♣#♣.#.P.......
.#.# #......#..#.#.....#...♣.....
##.#######))#..#.♣.♣#♣.#......P..
............#..#.#.###.#.........
##.########.#. #.#.#.......######
#.# ... #5#...#.##..# #..
###.#@##<.#.##..# #### #.
#.#)##..#.##..#
#.###.#g##..#.##..#
#......g##..#.##..#
#.......##..#.##..#
#.......##..#.##..#
#.###.#.......##..##### #.#
#.......####....... #.#
#...#...g.g....#


You could see 2 gnolls and a friendly iron imp (summoned).

Vanquished Creatures
  Blork the orc (D:4)
  2 hounds (D:4)
  Ijyb (D:4)
  A gnoll (D:4)
  3 adders
  A river rat (D:4)
  2 worms
  5 dart slugs
  3 orcs
  6 endoplasms
  5 giant cockroaches
  7 goblins
  9 hobgoblins
  4 jackals (D:2)
  3 quokkas
  6 ball pythons
  7 bats
  4 frilled lizards
  7 kobolds
  4 rats
81 creatures vanquished.

Vanquished Creatures (collateral kills)
  An ogre (D:4)
  A hound (D:5)
  A ball python (D:4)
  A hobgoblin (D:3)
  A quokka (D:5)
  A kobold (D:4)
  A rat (D:4)
7 creatures vanquished.

Vanquished Creatures (others)
  2 plants (D:4)
2 creatures vanquished.

Grand Total: 90 creatures vanquished

Notes
Turn   | Place    | Note
-------+----------+-------------------------------------------
     0 | D:1      | ragingrage the Demonspawn Fighter began the quest for the
                  | Orb.
     0 | D:1      | Reached XP level 1. HP: 18/18 MP: 1/1
    86 | D:1      | Reached skill level 2 in Polearms
   269 | D:2      | Gained mutation: You sometimes gain a little power by
                  | taking damage. [demonic ancestry]
   269 | D:2      | Reached XP level 2. HP: 23/24 MP: 2/2
   579 | D:1      | Reached skill level 3 in Polearms
   717 | D:2      | Gained mutation: A weak demonic guardian rushes to your
                  | aid. [demonic ancestry]
   717 | D:2      | Reached XP level 3. HP: 25/29 MP: 3/3
  1604 | D:2      | Reached XP level 4. HP: 32/35 MP: 4/4
  1605 | D:2      | Reached skill level 4 in Polearms
  2349 | D:4      | Noticed Ijyb
  2367 | D:4      | Killed Ijyb
  2517 | D:4      | Reached skill level 5 in Polearms
  2517 | D:4      | Reached XP level 5. HP: 19/41 MP: 5/5
  2703 | D:4      | You fall into a shaft and drop 3 floors!
  2870 | D:5      | Entered Level 5 of the Dungeon
  3490 | D:4      | Noticed Blork the orc
  3757 | D:4      | Killed Blork the orc
  3758 | D:4      | Reached XP level 6. HP: 32/47 MP: 6/6
  4030 | D:4      | Reached skill level 6 in Polearms
  4395 | D:4      | Slain by a gnoll

Illustrated notes

Levels and vault maps discovered:
D:1:      minmay_arrival_nine_rooms, layout_basic, dreamdust_princess_bridge
D:2:      layout_loops_cross, minmay_mini_jars
D:3:      kennysheep_slugbush, layout_loops_ring, mainiacjoe_overflow_alcove_2,
          dreamdust_ecumenical_altar_statues, gammafunk_ghost_smash
D:4:      layout_basic, portal_sewer_entry_e, serial_forest,
          infiniplex_forest_pool, infiniplex_forest_clump_small,
          infiniplex_forest_straight_3, infiniplex_forest_clump_C,
          infiniplex_forest_lined_2, infiniplex_forest_lined_corner,
          minivault_27, dreamdust_gnoll_farm, uniq_ijyb, uniq_blork_the_orc
D:5:      layout_loops_cross, mainiacjoe_overflow_six_doors_small,
          grunt_ministairs_1
D:6:      layout_loops_ring, kennysheep_mini, nicolae_gozag_seed_capital,
          minmay_temple_entry_poolview, serial_shops, nicolae_diamond_shop,
          ebering_ghost_xom, uniq_eustachio
D:7:      layout_gridville, minmay_mini_ossuary

Skill      XL: |  1  2  3  4  5  6 |
---------------+-------------------+-----
Polearms       | 2 3 5 6 |  6.5
Fighting       | |  3.0
Armour         | |  2.6
Shields        | |  2.6

Action                   |  1- 3 |  4- 6 || total
-------------------------+-------+-------++-------
Melee: Trident           |   145 |   160 ||   305
Evoke: Wand              |       |     3 ||     3
  Use: Scroll            |       |     2 ||     2
Armor: Scale mail        |    30 |       ||    30
       Ring mail         |    35 |    42 ||    77
Dodge: Dodged            |    64 |    76 ||   140
Block: Buckler           |    35 |    41 ||    76

Table legend: (Time is in decaauts)
 A = Elapsed time spent in this place.
 B = Non-inter-level travel time spent in this place.
 C = Inter-level travel time spent in this place.
 D = Time resting spent in this place.
 E = Time spent auto-exploring this place.
 F = Levels seen in this place.
 G = Mean time per level.
                   A        B        C        D        E       F      G
               +--------+--------+--------+--------+--------+-----+--------+
         Total |   4448 |   4373 |     75 |   1447 |   2027 |   7 |  635.4 |
       Dungeon |   4448 |   4373 |     75 |   1447 |   2027 |   7 |  635.4 |
               +--------+--------+--------+--------+--------+-----+--------+

Top non-repeatable levels by time:
     D:4: 1677 daAuts
     D:2: 1369 daAuts
     D:3: 681 daAuts
     D:1: 516 daAuts
     D:6: 108 daAuts
     D:7: 58 daAuts
     D:5: 37 daAuts
